 Dungeon Crawl Stone Soup version 0.26-a0-466-g989023bd0d (webtiles) character file.

Game seed: 9717597436489775790

41 1player the Sneak (level 3, 0/20 HPs)
             Began as a Spriggan Delver on Aug 12, 2020.
             Succumbed to an adder's poison
             ... on level 5 of the Dungeon.
             The game lasted 00:04:46 (1083 turns).

1player the Sneak (Spriggan Delver)                 Turns: 1083, Time: 00:04:46

Health: 0/20       AC:  2    Str:  8    XL:     3   Next: 32%
Magic:  4/4        EV: 19    Int: 11    God:
Gold:   14         SH:  0    Dex: 18    Spells: 2/2 levels left

rFire    . . .     SeeInvis +   a - +0 short sword
rCold    . . .     Faith    .   (shield restricted)
rNeg     . . .     Spirit   .   b - +0 robe
rPois    .         Reflect  .   (helmet restricted)
rElec    .         Harm     .   (no cloak)
rCorr    .                      (gloves unavailable)
MR       .....                  (boots unavailable)
Stlth    ++++......             (no amulet)
HPRegen  0.06/turn              (no ring)
MPRegen  0.09/turn              (no ring)

@: lethally poisoned (0 -> -14), very quick
A: very small, unfitting armour, see invisible, speed 3
a: no special abilities


You were on level 5 of the Dungeon.
You visited 1 branch of the dungeon, and saw 2 of its levels.

You collected 14 gold pieces.

Inventory:

Hand Weapons
 a - a +0 short sword (weapon)
Armour
 b - a +0 robe (worn)
Wands
 g - a wand of digging (2)
Scrolls
 e - a scroll of fear
 h - a scroll of enchant weapon {unknown}
 i - a scroll of identify {unknown}
Potions
 f - a potion of haste


   Skills:
 * Level 3.3 Fighting
 - Level 2.1 Short Blades
 + Level 4.0 Dodging
 - Level 7.2 Stealth


You had 2 spell levels left.
You didn't know any spells.
Your spell library contained the following spells:

 Spells                   Type           Power        Failure   Level
 Magic Dart               Conj           #...         34%         1
 Searing Ray              Conj           #.....       47%         2
 Dazzling Flash           Conj/Hex       #.....       71%         3
 Fulminant Prism          Conj/Hex       #.........   98%         4
 Iskenderun's Mystic Bla  Conj/Tloc      #.......     98%         4


Dungeon Overview and Level Annotations

Branches:
Dungeon (5/15)
 Temple: D:4-7

Altars:


Innate Abilities, Weirdness & Mutations

You are very small and have problems with some larger weapons.
You are too small for most types of armour.
You have supernaturally acute eyesight. (SInv)
You cover ground extremely quickly.


Message History

The adder is severely wounded.
* * * LOW HITPOINT WARNING * * *
You feel sick. The adder misses you.
You barely miss the adder.
The adder is severely wounded.
The adder bites you.
* * * LOW HITPOINT WARNING * * *
You are more poisoned.
The adder poisons you!
You hit the adder.
The adder is almost dead.
* * * LOW HITPOINT WARNING * * *
You feel sick. The adder misses you. The adder closely misses you.
You hit the adder.
You kill the adder!
Your Dodging skill increases to level 4!
* * * LOW HITPOINT WARNING * * *
You feel sick.
There is a lethal amount of poison in your body!
You die...

*,*,######..######
*,*,#..S.<..##...#
*,*,#.##....##...#
*,*,*,*#....##...#
*,*,*,*#....##...# ###
****,*,*.##....##...###########..
,,,,>,,.........<...+............
****,*,#.##....##.รท.###########..
**,,,*,#,#......@...+.)..........
,,,*,*,*,##...###...###########..
****,*,*,.....#*#####***#........
**,,,,.......,,,,,,,,,.........
*,,,,,.S#..#**********#.#######
***,,,,,..+..* *,,,,,,,*
,,+,,,,,,,**,* *,,,,,,,*
***,,,,,,,+,,* *,,,,,,,****
,,,,,,,,,,********* *,,,,,,,,,,*


There were no monsters in sight!

Vanquished Creatures
  An iguana (D:5)
  An adder (D:5)
  A leopard gecko (D:4)
  An orc (D:5)
4 creatures vanquished.

Notes
Turn   | Place    | Note
-------+----------+-------------------------------------------
     0 | D:5      | 1player the Spriggan Delver began the quest for the Orb.
     0 | D:5      | Reached XP level 1. HP: 11/11 MP: 2/2
    40 | D:5      | Noticed a sky beast
   181 | D:5      | Noticed a centaur
   616 | D:5      | Noticed an iguana
   619 | D:5      | Killed an iguana
   619 | D:5      | Reached XP level 2. HP: 16/16 MP: 3/3
   648 | D:4      | Reached XP level 3. HP: 10/20 MP: 4/4
  1082 | D:5      | HP: 1/20 [poisoned by an adder]
  1083 | D:5      | Succumbed to an adder's poison

Illustrated notes

Levels and vault maps discovered:
D:4:      layout_basic, portal_sewer_entry_f, uniq_ijyb, uniq_menkaure
D:5:      layout_basic

Skill      XL: |  1  2  3 |
---------------+----------+-----
Fighting       | 3 |  3.3
Dodging        | 4 |  4.0
Short Blades   | |  2.1
Stealth        | |  7.2

Action                   || total
-------------------------++-------
Melee: Short sword       ||    45
Evoke: Wand              ||     1
  Use: Scroll            ||     2
 Stab: Sleeping          ||     1
Armor: Robe              ||     2
Dodge: Dodged            ||    39

Table legend: (Time is in decaauts)
 A = Elapsed time spent in this place.
 B = Non-inter-level travel time spent in this place.
 C = Inter-level travel time spent in this place.
 D = Time resting spent in this place.
 E = Time spent auto-exploring this place.
 F = Levels seen in this place.
 G = Mean time per level.
                   A        B        C        D        E       F      G
               +--------+--------+--------+--------+--------+-----+--------+
         Total |    909 |    909 |      0 |    583 |      0 |   2 |  454.5 |
       Dungeon |    909 |    909 |      0 |    583 |      0 |   2 |  454.5 |
               +--------+--------+--------+--------+--------+-----+--------+

Top non-repeatable levels by time:
     D:5: 740 daAuts
     D:4: 168 daAuts
